 Dungeon Sprint DCSS version 0.32-a0-791-gfc315c9ecd (webtiles) character file.

Game seed: 18395231851526246727

18 Pestilence the Trooper (level 2, -1/24 HPs)
             Began as a Vampire Fighter on Mar 21, 2024.
             Slain by an iguana (12 damage)
             ... in the Dungeon (Sprint IX: "|||||||||||||||||||||||||||||").
             The game lasted 00:00:13 (137 turns).

Pestilence the Trooper (Vampire Fighter)             Turns: 137, Time: 00:00:13

Health: -1/24      AC:  6    Str: 15    XL:     2   Next: 48%
Magic:  2/2        EV:  8    Int: 10    God:
Gold:   0          SH:  4    Dex: 13    Spells: 1/1 levels left

rFire   . . .        a - +0 long sword
rCold   . . .        c - +0 buckler
rNeg    . . .        b - +0 scale mail
rPois   .            (no helmet)
rElec   .            (no cloak)
rCorr   .            (no gloves)
SInv    +            (no boots)
Will    .....        (no amulet) Stlth
                     (no ring)
HPRegen 0.44/turn    (no ring)
MPRegen 0.08/turn

%: no teleportation
@: healing quickly
A: alive, fangs 3, see invisible, vampiric 1
a: Exsanguinate


You were in the Dungeon.
You visited 1 branch

Inventory:

Hand Weapons
 a - a +0 long sword (weapon)
Armour
 b - a +0 scale mail (worn)
 c - a +0 buckler (worn)
Scrolls
 j - a scroll of blinking
Potions
 d - a potion of might
 e - a potion of curing
 f - a potion of heal wounds
 g - a potion of haste
 h - 2 potions of magic
 i - a potion of berserk rage


   Skills:
 + Level 3.4 Fighting
 + Level 3.0 Long Blades
 + Level 3.0 Armour
 + Level 2.1 Dodging
 + Level 3.4 Shields


You had one spell level left.
You didn't know any spells.
Your spell library was empty.

Dungeon Overview and Level Annotations

Branches:
Dungeon (1/1)

Altars:


Innate Abilities, Weirdness & Mutations

Your natural rate of healing is accelerated.
You have razor-sharp teeth.
You have supernaturally acute eyesight. (SInv)
You are afflicted with vampirism.


Message History

You hit the ball python.
You kill the ball python!
The hobgoblin closely misses you.
Your Shields skill increases to level 3!
You slash the hobgoblin!
You kill the hobgoblin!
There is an open door to the Dungeon here.
Things that are here:
a +0 dagger; a +0 club; a hobgoblin corpse You start waiting.
Done waiting.
You open the door.
A gnoll, 2 orcs, an iguana and an adder come into view.
The gnoll shouts!
The orc shouts!
The iguana hisses angrily.
The adder hisses angrily.
You hit the orc.
The orc is severely wounded.
The orc barely misses you.
You hit the orc.
You kill the orc!
The gnoll hits you but does no damage.
You barely miss the gnoll. The gnoll hits you with a +0 club.
You barely miss the gnoll. You bite the gnoll.
The gnoll is lightly wounded.
The gnoll hits you with a +0 club.
You slash the gnoll! Your bite misses the gnoll.
The gnoll is severely wounded.
The gnoll hits you with a +0 club.
You hit the gnoll.
The gnoll is almost dead.
The gnoll hits you with a +0 club. x2
You hit the gnoll.
You kill the gnoll!
Your Long Blades skill increases to level 3!
Your Armour skill increases to level 3!
Your Dodging skill increases to level 2!
You have reached level 2!
You closely miss the iguana. The iguana bites you!
Ouch! That really hurt!
You die...

▓.▓
▓.▓
▓.▓
▓)▓
▓.▓
▓.▓
▓.▓
▓.▓
▓@▓
▓l▓
▓o▓
▓S▓
▓.▓
▓.▓
▓.▓
▓+▓


You could see an iguana, an adder and an orc.

Vanquished Creatures
  A gnoll (D)
  An orc (D)
  A bat (D)
  2 goblins (D)
  A hobgoblin (D)
  A ball python (D)
7 creatures vanquished.

Notes
Turn   | Place    | Note
-------+----------+-------------------------------------------
     0 | D        | Pestilence the Vampire Fighter began the quest for the Orb.
     0 | D        | Reached XP level 1. HP: 17/17 MP: 1/1
    19 | D        | Reached skill level 1 in Dodging
   129 | D        | Noticed an iguana
   137 | D        | Reached XP level 2. HP: 10/24 MP: 2/2
   137 | D        | Slain by an iguana

Illustrated notes

Levels and vault maps discovered:
D:        linesprint [early_d, line_temple, items_1, d_10, items_2, lair_1,
          lair_end, items_3, orc_1, orc_end, items_4, d_15, swamp_1, shoals_1,
          snake_1, spider_1, d_20, vaults_1, items_5, swamp_end, shoals_end,
          snake_end, spider_end, vaults_end, d_27, items_6, zot_1, zot_end,
          crypt_end, forest_end, elf_end, slime_end, tomb_end, abyss_end,
          pan_hell_end]

Skill      XL: |  1 |
---------------+----+-----
Fighting       | 3 |  3.4
Dodging        | 2 |  2.1
Shields        | 3 |  3.4
Long Blades    | 3 |  3.0
Armour         | 3 |  3.0

Action                     || total
---------------------------++-------
  Melee: Long sword        ||    27
         Bite              ||     2
 Armour: Scale mail        ||    24
  Dodge: Dodged            ||     6
  Block: Buckler           ||     6

Table legend: (Time is in decaauts)
 A = Elapsed time spent in this place.
 B = Non-inter-level travel time spent in this place.
 C = Inter-level travel time spent in this place.
 D = Time resting spent in this place.
 E = Time spent auto-exploring this place.
 F = Levels seen in this place.
 G = Mean time per level.
                   A        B        C        D        E       F      G
               +--------+--------+--------+--------+--------+-----+--------+
         Total |    145 |    145 |      0 |    100 |      0 |   1 |  145.0 |
       Dungeon |    145 |    145 |      0 |    100 |      0 |   1 |  145.0 |
               +--------+--------+--------+--------+--------+-----+--------+

Top non-repeatable levels by time:
       D: 145 daAuts
